 Dungeon Crawl Stone Soup version 0.22-a0-410-g97be04f (webtiles) character file.

109 inmateoo the Ducker (level 4, 0/26 HPs)
             Began as a Deep Elf Gladiator on May 11, 2018.
             Slain by a bullfrog skeleton (4 damage)
             ... on level 3 of the Dungeon.
             The game lasted 00:02:41 (3969 turns).

inmateoo the Ducker (Deep Elf Gladiator)            Turns: 3969, Time: 00:02:42

Health: 0/26       AC:  4    Str: 11    XL:     4   Next: 60%
Magic:  6/6        EV: 14    Int: 13    God:
Gold:   231        SH:  0    Dex: 17    Spells: 3/3 levels left

rFire    . . .     SeeInvis .   a - +0 quarterstaff
rCold    . . .     Gourm    .   (shield currently unavailable)
rNeg     . . .     Faith    .   b - +0 leather armour
rPois    .         Spirit   .   c - +0 helmet
rElec    .         Reflect  .   (no cloak)
rCorr    .         Harm     .   (no gloves)
MR       .....                  (no boots)
Stlth    +.........             n - amulet of rage
HPRegen  0.08/turn              (no ring)
MPRegen  0.10/turn              (no ring)

@: no status effects
A: no striking features
a: Evoke Berserk Rage


You were on level 3 of the Dungeon.
You were near starving.

You visited 1 branch of the dungeon, and saw 3 of its levels.

You collected 231 gold pieces.

Inventory:

Hand Weapons
 a - a +0 quarterstaff (weapon)
 k - a +0 dagger of venom
Missiles
 d - a throwing net (quivered)
Armour
 b - a +0 leather armour (worn)
 c - a +0 helmet (worn)
Jewellery
 n - an amulet of rage (around neck)
Scrolls
 e - 7 scrolls of identify {unknown}
 g - 2 scrolls of immolation {unknown}
 i - 3 scrolls of teleportation {unknown}
 q - a scroll of random uselessness {unknown}
Potions
 h - 4 potions of curing {unknown}
 j - 3 potions of lignification {unknown}
 l - a potion of invisibility {unknown}
 m - a potion of cancellation {unknown}
 o - a potion of might {unknown}
 p - a potion of flight {unknown}
Comestibles
 f - 6 rations


   Skills:
 + Level 2.3 Fighting
 * Level 4.3 Staves
 - Level 2.0 Throwing
 + Level 4.4 Dodging
 + Level 1.0 Evocations


You had 3 spell levels left.
You didn't know any spells.

Dungeon Overview and Level Annotations

Branches:
Dungeon (3/15)

Altars:

Annotations:
D:3 Totori's ghost, amateur DrEE


Message History

The bullfrog skeleton struggles against the net.
Unknown command.
You hit the bullfrog skeleton but do no damage.
The bullfrog skeleton is almost destroyed.
The bullfrog skeleton struggles against the net.
The net rips apart, and the bullfrog skeleton comes free!
Unknown command.
You hit the bullfrog skeleton.
The bullfrog skeleton is almost destroyed.
The bullfrog skeleton completely misses you.
The bullfrog skeleton barely misses you.
Unknown command.
You hit the bullfrog skeleton but do no damage.
The bullfrog skeleton is almost destroyed.
The bullfrog skeleton closely misses you.
Unknown command.
You barely miss the bullfrog skeleton.
The bullfrog skeleton is almost destroyed.
The bullfrog skeleton hits you.
You die...

#.####.#.###.........
#.# #.....###.....#.
#.####.#.#.# ##...###
#.##.....#.# ##.##
#.##.#.###.# #.#
#.##.#... .# #.#
#.##.#.# ## #+#
#......# ####@### #Z#
#o...# #.......'
#....#### #.#.##
#.### #.# #.#


You could see an orc and a bullfrog skeleton.

Vanquished Creatures
  Jessica (D:2)
  An iguana (D:2)
  2 worms (D:2)
  A leopard gecko (D:2)
  3 orcs (D:3)
  A bat (D:2)
  A giant cockroach (D:1)
  4 goblins
  16 hobgoblins
  6 jackals
  2 frilled lizards
  2 kobolds
  5 rats
45 creatures vanquished.

Notes
Turn   | Place    | Note
-------+----------+-------------------------------------------
     0 | D:1      | inmateoo the Deep Elf Gladiator began the quest for the Orb.
     0 | D:1      | Reached XP level 1. HP: 12/12 MP: 3/3
   365 | D:1      | Reached XP level 2. HP: 2/17 MP: 4/4
  1934 | D:2      | Noticed Jessica
  1943 | D:2      | Killed Jessica
  1943 | D:2      | Reached XP level 3. HP: 19/21 MP: 5/5
  1985 | D:2      | Reached XP level 4. HP: 14/26 MP: 6/6
  3475 | D:3      | Noticed Totori's ghost (amateur DrEE)
  3951 | D:3      | Reached skill level 1 in Evocations
  3969 | D:3      | Slain by a bullfrog skeleton

Vault maps used:
D:1:      dpeg_arrival_shelter
D:2:      serial_forest, infiniplex_forest_straight_3,
          infiniplex_forest_lined_room_2, infiniplex_forest_lined_2,
          infiniplex_forest_straight_1, infiniplex_forest_end_1,
          infiniplex_forest_end_1, infiniplex_forest_clump_small,
          infiniplex_forest_corner_2, infiniplex_forest_lined_corner,
          infiniplex_forest_clump_medium, uniq_jessica

Skill      XL: |  1  2  3  4 |
---------------+-------------+-----
Dodging        | 4 |  4.4
Fighting       | 2 |  2.3
Staves         | 4 |  4.3
Evocations     | 1 |  1.0
Throwing       | |  2.0

Action                   |  1- 3 |  4- 6 || total
-------------------------+-------+-------++-------
Melee: Quarterstaff      |    86 |    10 ||    96
       Dagger            |    13 |    90 ||   103
Throw: Throwing net      |       |     2 ||     2
 Stab: Distracted        |     1 |       ||     1
  Eat: Chunk             |     3 |     5 ||     8
Armor: Leather armour    |    17 |    18 ||    35
Dodge: Dodged            |    67 |    73 ||   140

Table legend:
 A = Spawn XP
 B = Non-spawn XP
 C = Spawn XP percentage of total XP
 D = Spawn monster count
 E = Non-spawn monster count
 F = Spawn count percentage of total count
 G = Total turns spent on level
                    A         B        C        D         E        F      G
               +---------+---------+-------+---------+---------+-------+---------
         Total |       0 |     157 |   0.0 |       0 |      45 |   0.0 |  3969
               +---------+---------+-------+---------+---------+-------+---------
           D:1 |       0 |      33 |   0.0 |       0 |      18 |   0.0 |  1716
           D:2 |       0 |     107 |   0.0 |       0 |      19 |   0.0 |  1765
           D:3 |       0 |      17 |   0.0 |       0 |       8 |   0.0 |   488
               +---------+---------+-------+---------+---------+-------+---------
